 Dungeon Crawl Stone Soup version 0.29.1-13-g9f3cf754e1 (webtiles) character file.

Game seed: 17397749621917413017

205 Heoruswealwe the Grave Robber (level 5, 0/28 HPs)
             Began as a Deep Elf Necromancer on Feb 3, 2023.
             Slain by a black bear (12 damage)
             ... on level 4 of the Dungeon.
             The game lasted 01:08:58 (3876 turns).

Heoruswealwe the Grave Robber (DENe)                Turns: 3876, Time: 01:08:59

Health: 0/28       AC:  2    Str:  5    XL:     5   Next: 53%
Magic:  14/15      EV: 13    Int: 22    God:
Gold:   204        SH:  0    Dex: 21    Spells: 11/16 levels left

rFire   . . .      SeeInvis .   o - +2 dagger (venom)
rCold   . . .      Faith    .   (no shield)
rNeg    . . .      Spirit   .   a - +0 robe
rPois   .          Reflect  .   (no helmet)
rElec   .          Harm     .   (no cloak)
rCorr   .          Rampage  .   (no gloves)
Will    .....                   (no boots)
Stlth   +++.......              c - amulet of the acrobat
HPRegen 0.09/turn               q - +6 ring of dexterity
MPRegen 0.14/turn               (no ring)

@: no status effects
A: no striking features
a: no special abilities


You were on level 4 of the Dungeon.
You visited 1 branch of the dungeon, and saw 5 of its levels.

You collected 204 gold pieces.

Inventory:

Hand Weapons
 g - a +0 club
 n - a +2 short sword of holy wrath
 o - a +2 dagger of venom (weapon)
 E - a +0 sling
 F - a +0 whip of flaming
 W - a +0 whip of draining
Missiles
 G - 9 poisoned darts
Armour
 a - a +0 robe (worn)
 e - a +0 cloak
 f - a +0 leather armour
Jewellery
 c - an amulet of the acrobat (around neck)
 q - a +6 ring of dexterity (left hand)
Scrolls
 u - 4 scrolls of identify {unknown}
 y - a scroll of vulnerability {unknown}
 A - a scroll of amnesia {unknown}
 M - a scroll of noise {unknown}
 P - 2 scrolls of magic mapping {unknown}
 Q - 2 scrolls of poison {unknown}
Potions
 d - a potion of invisibility {unknown}
 h - a potion of degeneration {unknown}
 l - a potion of haste {unknown}
 p - a potion of attraction {unknown}
 z - 2 potions of mutation {unknown}
 H - a potion of resistance {unknown}
 I - a potion of ambrosia {unknown}
 L - a potion of flight {unknown}
 R - a potion of curing {unknown}


   Skills:
 + Level 2.5 Dodging
 + Level 2.6 Stealth
 + Level 6.1 Spellcasting
 + Level 6.4 Necromancy


You had 11 spell levels left.
You knew the following spells:

 Your Spells              Type           Power      Damage    Failure   Level
a - Necrotise             Necr           100%       1d9       1%          1
b - Vampiric Draining     Necr           35%        2d8       1%          3
c - Magic Dart            Conj           24%        1d4       9%          1

Your spell library contained the following spells:

 Spells                   Type           Power      Damage    Failure   Level
 Animate Dead             Necr           35%        N/A       6%          4
 Call Imp                 Summ           6%         N/A       14%         2
 Agony                    Necr           35%        N/A       17%         5
 Mephitic Cloud           Conj/Pois/Air  6%         N/A       26%         3
 Olgreb's Toxic Radiance  Pois           6%         N/A       65%         4
 Lee's Rapid Deconstruct  Erth           3%         3d6*      94%         5


Dungeon Overview and Level Annotations

Branches:
Dungeon (5/15)
 Temple: D:4-7

Altars:

Portals:
Abyss: D:5

Annotations:
D:5 Voland's ghost, novice TeAE


Message History

The black bear writhes in agony.
Your hobgoblin skeleton completely misses the black bear.
Casting: Necrotise (safe; 1% risk of failure)
Confirm with . or Enter, or press ? or * to list all spells.
Aiming: Necrotise (safe; 1% risk of failure)
Press: ? - help, Shift-Dir - straight line, f/p - black bear
Aim: a black bear (moderately wounded, ally target, chance to affect: 83%)
The black bear barely resists.
Your hobgoblin skeleton hits the black bear but does no damage.
Casting: Necrotise (safe; 1% risk of failure)
Confirm with . or Enter, or press ? or * to list all spells.
Aiming: Necrotise (safe; 1% risk of failure)
Press: ? - help, Shift-Dir - straight line, f/p - black bear
Aim: a black bear (moderately wounded, ally target, chance to affect: 83%)
The black bear writhes in agony!
The black bear goes berserk!
Magic courses through your body. The black bear closely misses you.
The black bear claws you! The black bear claws you.
The black bear attacks as you move away!
The black bear barely misses you. The black bear claws you.
The black bear barely misses you. x2; The black bear completely misses you.
The black bear closely misses you.
Casting: Necrotise (safe; 1% risk of failure)
Confirm with . or Enter, or press ? or * to list all spells.
Aiming: Necrotise (safe; 1% risk of failure)
Press: ? - help, Shift-Dir - straight line, f/p - black bear
Aim: a black bear (severely wounded, berserk, ally target, chance to affect: 83%)
The black bear writhes in agony.
The black bear misses you. x2
The black bear completely misses you.
Your hobgoblin skeleton hits the black bear but does no damage.
Casting: Necrotise (safe; 1% risk of failure)
Confirm with . or Enter, or press ? or * to list all spells.
Aiming: Necrotise (safe; 1% risk of failure)
Press: ? - help, Shift-Dir - straight line, f/p - black bear
Aim: a black bear (severely wounded, berserk, not watching you, ally target, chance to affect: 83%)
The black bear writhes in agony.
The black bear closely misses you. x2
The black bear barely misses you.
The dart slug bites your hobgoblin skeleton.
Your hobgoblin skeleton hits the dart slug but does no damage.
The black bear bites you!
You die...

#.......######
#.............
#.......#####
##......##
##......##
###.....## #
##.......##
....###.........#
......'.wZh@....+
....###.........#
#.# ##.....†.##
#.# ##.....## #.#
##.†.## #.# ##'##
#.# #.###### #.#
#......#
#####.####
##.####.###


You could see a black bear (berserk), a dart slug (ally target) and a friendly
hobgoblin skeleton.

Vanquished Creatures
  An orc wizard (D:3)
  6 adders
  An ufetubus (D:4)
  2 worms
  2 dart slugs
  6 orcs (D:3)
  2 bats (D:3)
  6 endoplasms
  3 giant cockroaches
  8 goblins
  8 hobgoblins
  2 quokkas
  10 ball pythons
  A frilled lizard (D:1)
  3 kobolds
  12 rats
73 creatures vanquished.

Vanquished Creatures (collateral kills)
  An orc priest (D:3)
  An orc (D:3)
  2 kobolds
4 creatures vanquished.

Vanquished Creatures (others)
  26 plants (D:3)
26 creatures vanquished.

Grand Total: 103 creatures vanquished

Notes
Turn   | Place    | Note
-------+----------+-------------------------------------------
     0 | D:1      | Heoruswealwe the Deep Elf Necromancer began the quest for
                  | the Orb.
     0 | D:1      | Reached XP level 1. HP: 10/10 MP: 6/6
    65 | D:1      | Reached skill level 5 in Necromancy
   254 | D:1      | Reached XP level 2. HP: 15/15 MP: 5/8
   557 | D:1      | Found a faded altar of an unknown god.
   802 | D:1      | Reached XP level 3. HP: 19/19 MP: 8/10
  1268 | D:1      | Learned a level 3 spell: Vampiric Draining
  1844 | D:2      | Reached XP level 4. HP: 24/24 MP: 10/12
  1872 | D:3      | Reached skill level 5 in Spellcasting
  2410 | D:3      | Got Gyttu's Writings on Rocky Intoxication
  2429 | D:3      | Learned a level 1 spell: Magic Dart
  2798 | D:5      | Entered Level 5 of the Dungeon
  2809 | D:5      | Found a one-way gate to the infinite horrors of the Abyss.
  2809 | D:5      | Noticed Voland's ghost (novice TeAE)
  3057 | D:3      | Reached XP level 5. HP: 28/28 MP: 12/15
  3864 | D:4      | Noticed a black bear
  3876 | D:4      | Slain by a black bear

Illustrated notes

Levels and vault maps discovered:
D:1:      sevenhm_arrival_forest_fort_small_1, layout_loops_corners,
          ebering_ecumenical_altar_sacrificial
D:2:      layout_basic, corexii_leaking_fountain, nrook_campfire
D:3:      layout_basic, serial_bayou, serial_bayou_pond_b, serial_bayou_pond_e,
          serial_bayou_pond_a, serial_bayou_pond_d
D:4:      layout_loops_corners, kennysheep_generic_room_11
D:5:      layout_loops_ring, kennysheep_orc_sif_temple,
          minmay_temple_entry_metal_lava, gammafunk_ghost_abyssal_escape,
          uniq_grinder

Skill      XL: |  1  2  3  4  5 |
---------------+----------------+-----
Necromancy     | 5 6 |  6.4
Spellcasting   | 4 5 6 |  6.1
Dodging        | |  2.5
Stealth        | |  2.6

Action                   |  1- 3 |  4- 6 || total
-------------------------+-------+-------++-------
Melee: Dagger            |       |    90 ||    90
       Punch             |       |     1 ||     1
 Cast: Necrotise         |    60 |    67 ||   127
       Magic Dart        |       |    15 ||    15
  Use: Potion            |       |     1 ||     1
Armor: Robe              |       |     1 ||     1
Dodge: Dodged            |     1 |    23 ||    24
